 Dungeon Crawl Stone Soup version bcrawl-1.21.2-28-g2cb1824106 (webtiles) character file.

Game seed: 7300214880350091979

16 MisterOstroum the Sneak (level 2, 2/16 HPs)
             Began as a Skeleton Archaeologist on Mar 16, 2020.
             Quit the game on level 1 of the Dungeon.
             The game lasted 00:01:06 (857 turns).

MisterOstroum the Sneak (Skeleton Archaeologist)     Turns: 857, Time: 00:01:06

Health: 2/16       AC:  9    Str: 17      XL:     2   Next: 37%
Magic:  1/2        EV: 11    Int: 10 (12) God:
Gold:   43         SH:  0    Dex:  7      Spells: 1/1 levels left

rFire    . . .     SeeInvis .   a - +0 whip
rCold    + . .     Gourm    .   (no shield)
rNeg     + + +     Faith    .   g - +0 scale mail
rPois    ∞         Spirit   +   c - +1 hat
rElec    .         Reflect  .   (no cloak)
rCorr    .         Harm     .   (no gloves)
MR       .....                  d - +1 pair of boots
Stlth    +.........             (no amulet)
HPRegen  0.05/turn              (no ring)
MPRegen  0.08/turn              (no ring)

@: no status effects
A: no food or potions, cold resistance 1, deterioration 1, negative energy
resistance 3, torment resistance, unbreathing, magic shield, sturdy frame 1,
spell healing
a: no special abilities


You were on level 1 of the Dungeon.
You were not hungry.

You visited 1 branch of the dungeon, and saw 1 of its levels.

You collected 43 gold pieces.

Inventory:

Hand Weapons
 a - a +0 whip (weapon)
Missiles
 i - 153 stones (quivered)
Armour
 b - a +1 robe
 c - a +1 hat (worn)
 d - a +1 pair of boots (worn)
 g - a +0 scale mail (worn)
Scrolls
 e - a scroll of magic mapping {@r5 !r}
 h - 3 scrolls of identify {unknown}
 j - a scroll of remove curse {unknown}
Miscellaneous
 f - a dusty tome


   Skills:
 * Level 1.5 Fighting
 * Level 2.0 Maces & Flails
 + Level 0.8 Armour
 + Level 3.1 Dodging
 - Level 3.6 Stealth


You had one spell level left.
You didn't know any spells.
Your spell library was empty.

Dungeon Overview and Level Annotations

Branches:
Dungeon (1/12)

Altars:


Innate Abilities, Weirdness & Mutations

You do not eat or drink.
You are immune to poison.
Your flesh is cold resistant. (rC+)
Your body sometimes deteriorates upon taking damage.
You are immune to negative energy. (rN+++)
You are immune to unholy pain and torment.
You can survive without breathing.
When hurt, damage is shared between your health and your magic reserves.
Your movements are slightly less encumbered by armour. (ER -2)
Casting spells heals you.


Message History

The stone hits the worm but does no damage.
Throwing (i - inventory)
i - 162 stones (quivered)
Press: ? - help, Shift-Dir - straight line, f/p - worm
Aim: a worm You throw a stone.
The stone hits the worm.
The worm is lightly wounded.
Throwing (i - inventory)
i - 161 stones (quivered)
Press: ? - help, Shift-Dir - straight line, f/p - worm
Aim: a worm (lightly wounded)
You throw a stone.
The stone hits the worm but does no damage.
The worm is lightly wounded.
Throwing (i - inventory)
i - 160 stones (quivered)
Press: ? - help, Shift-Dir - straight line, f/p - worm
Aim: a worm You throw a stone.
The stone hits the worm.
The worm is lightly wounded.
Throwing (i - inventory)
i - 159 stones (quivered)
Press: ? - help, Shift-Dir - straight line, f/p - worm
Aim: a worm (lightly wounded)
You throw a stone. The stone hits the worm.
The worm is lightly wounded.
Throwing (i - inventory)
i - 158 stones (quivered)
Press: ? - help, Shift-Dir - straight line, f/p - worm
Aim: a worm (lightly wounded)
You throw a stone. The stone barely misses the worm.
Throwing (i - inventory)
i - 157 stones (quivered)
Press: ? - help, Shift-Dir - straight line, f/p - worm
Aim: a worm (lightly wounded)
You throw a stone. The stone completely misses the worm.
Throwing (i - inventory)
i - 156 stones (quivered)
Press: ? - help, Shift-Dir - straight line, f/p - worm
Aim: a worm (lightly wounded)
You throw a stone. The stone barely misses the worm.
Throwing (i - inventory)
i - 155 stones (quivered)
Press: ? - help, Shift-Dir - straight line, f/p - worm
Aim: a worm (lightly wounded)
You throw a stone. The stone hits the worm.
The worm is lightly wounded.
You hit the worm.
The worm is moderately wounded.
The worm completely misses you.
You barely miss the worm.
The worm is moderately wounded.
You hit the worm.
The worm is moderately wounded.
The worm barely misses you.
Your scale mail prevents you from hitting the worm.
The worm is moderately wounded.
You whack the worm!
The worm is severely wounded.
The worm bites you.
You barely miss the worm.
The worm is heavily wounded.
The worm bites you.
You hit the worm but do no damage.
The worm is heavily wounded.
You barely miss the worm.
The worm is heavily wounded.
The worm bites you.
You hit the worm but do no damage.
The worm is heavily wounded.
You hit the worm.
The worm is severely wounded.
The worm bites you.
You are too injured to fight recklessly!
You are too injured to fight recklessly!
You are too injured to fight recklessly!
You are too injured to fight recklessly!
You are too injured to fight recklessly!
You are too injured to fight recklessly!
You are too injured to fight recklessly!
You are too injured to fight recklessly!
You are too injured to fight recklessly!
You are too injured to fight recklessly!
You are too injured to fight recklessly!
You are too injured to fight recklessly!
Throwing (i - inventory)
i - 154 stones (quivered)
Press: ? - help, Shift-Dir - straight line, f/p - worm
Aim: a worm (heavily wounded)
You throw a stone. The stone hits the worm.
The worm is severely wounded.
You hit the worm but do no damage.
The worm is heavily wounded.
You hit the worm.
The worm is severely wounded.
The worm closely misses you. The worm barely misses you.
You hit the worm.
The worm is severely wounded.
The worm barely misses you.
You are too injured to fight recklessly!
You are too injured to fight recklessly!
You hit the worm.
The worm is heavily wounded.
The worm bites you.
* * * LOW HITPOINT WARNING * * *
Things that are here:
a +0 club x2
Are you sure you want to abandon this character and quit the game? (Confirm with "yes".)

................#.##.#
.###............#.##.#
.#....#...........#..#
......!....)).......##
...#...##..)......###
..................#
...#.#.##...w.....# ########
..#....######.....### ##......##
..#.#.## #......@...###........##
#.#...# #......................#
#....## #................>.....#
.....# #......................#
...### #......................#
.#.#######.......................
...[.>...........................
##.#######......................)
....#### #......................#


You could see a worm.

Vanquished Creatures
  A dart slug (D:1)
  A leopard gecko (D:1)
  A goblin (D:1)
  3 hobgoblins (D:1)
  3 bats (D:1)
  A frilled lizard (D:1)
  3 kobolds (D:1)
13 creatures vanquished.

Notes
Turn   | Place    | Note
-------+----------+-------------------------------------------
     0 | D:1      | MisterOstroum the Skeleton Archaeologist began the quest
                  | for the Orb.
     0 | D:1      | Reached XP level 1. HP: 12/12 MP: 1/1
   304 | D:1      | Reached XP level 2. HP: 16/16 MP: 2/2
   857 | D:1      | Quit the game

Skill      XL: |  1  2 |
---------------+-------+-----
Maces & Flails | 2 |  2.0
Fighting       | |  1.5
Armour         | |  0.8
Dodging        | |  3.1
Stealth        | |  3.6

Action                   || total
-------------------------++-------
Melee: Whip              ||   100
Throw: Stone             ||    10
Armor: Robe              ||    12
       Scale mail        ||    42
Dodge: Dodged            ||    73
